AoeStats
← falcon_br

African Clearing

510385008Analyzed
4v4 RM · 22h ago on Sep 30, 2026· 29m 41s· 8 players
Game mode
Random Map
Map size
Large (8 player)
Population
200
Speed
Normal
Resources
Standard
Victory
Conquest
Starting age
Dark Age
Ending age
Imperial Age
RankedLock teamsTeams togetherTeam positionsShared explorationLock speedFull tech treeHidden civsTurbo modeCheats
Victory
Defeat
🇧🇷 Vietnamese · Brazil
1343
+13
🇺🇸 Mongols · United States
1321
+14
🇧🇷 Vikings · Brazil
1219
+18
🇧🇷 Persians · Brazil
1071
+25
🇫🇷 Saracens · France
1316
-19
🇨🇿 Magyars · Czechia
1268
-17
🇭🇷 Koreans · Croatia
1257
-17
1252
-17
Lorazepam "Hogg Zogg" Salad Dog
13:39 Feudal Age
14:29 Double-Bit Axe
14:43 Loom
17:30 Castle Age
17:14 Wheelbarrow
18:47 Bow Saw
19:32 Stone Mining
22:04 Gold Mining
Maus
12:20 Feudal Age
11:03 Loom
17:08 Castle Age
24:04 Double-Bit Axe
[82AD] WindCraft
6:35 Loom
12:29 Feudal Age
16:56 Castle Age
28:43 Fletching
28:53 Padded Archer Armor
28:49 Elite Skirmisher
BlueStaR
7:14 Loom
13:49 Feudal Age
17:34 Castle Age
16:03 Double-Bit Axe
16:00 Horse Collar
18:37 Bow Saw
18:37 Heavy Plow
28:47 Gold Mining
28:47 Stone Mining
MineirodeOuro
7:26 Loom
11:47 Feudal Age
16:07 Castle Age
13:59 Double-Bit Axe
15:16 Horse Collar
17:21 Bow Saw
21:56 Wheelbarrow
22:29 Fletching
25:41 Padded Archer Armor
29:40 Hand Cart
falcon_br
11:23 Feudal Age
10:42 Loom
12:07 Double-Bit Axe
16:49 Bloodlines
19:25 Scale Barding Armor
23:14 Castle Age
22:31 Wheelbarrow
22:55 Forging
23:48 Husbandry
25:06 Hand Cart
27:32 Chain Barding Armor
BRAZILBIKINI
4:47 Loom
13:48 Feudal Age
14:20 Double-Bit Axe
20:03 Castle Age
26:47 Horse Collar
29:39 Bow Saw
[LCDR]Zuru
4:19 Loom
13:10 Feudal Age
13:44 Feudal Age
17:29 Castle Age
15:51 Double-Bit Axe
20:24 Wheelbarrow
20:39 Bow Saw
20:27 Fletching
21:11 Bodkin Arrow
27:05 Ballistics
Connection lost

Rejoining the realm…

Still unreachable

The connection could not be restored.

Session expired

The server has moved on; the page needs a fresh start.